Map: [ESL] Oceanborn

Players

Ryung - Winner!

  • Race: Terran Terran
  • Spawn Location: 11:00

Vindicta

  • Race: Terran Terran
  • Spawn Location: 5:00

Event: ESL SC2 Masters 2023 Winter (Finals)

VOD

Have the link to the VOD?

Description

Time

  • Played on: Dec. 15, 2023, 4:37 p.m.
  • Length: 12:30

All games in this series

Show
View Real Time Build Order
Export as new Build Order

Ryung Terran - Winner!

Build Orders: Cyclone Opening, Reaper Expand 

Get SALT Encoding   

  12  0:00  SCV  
  13  0:12  SCV  
  14  0:16  Supply Depot  
  14  0:24  SCV  
  15  0:38  SCV  
  15  0:41  Barracks  
  16  0:43  Refinery  
  16  0:50  SCV  
  17  1:02  SCV  
  18  1:14  SCV  
  19  1:28  Orbital Command, Reaper  
  20  1:40  Command Center  
  20  1:51  Supply Depot  
  20  1:53  SCV  
  21  1:59  Marine  
  22  2:05  SCV  
  23  2:08  Factory  
  23  2:17  SCV, Refinery  
  23  2:18  Marine  
  25  2:24  Bunker  
  26  2:30  SCV  
  26  2:36  Barracks Reactor  
  26  2:42  SCV  
  27  2:53  Orbital Command, Cyclone  
  27  2:54  SCV  
  30  3:00  Starport  
  30  3:06  SCV  
  30  3:12  Marine x2  
  32  3:18  SCV  
  32  3:19  SCV  
  35  3:20  Refinery  
  35  3:30  SCV  
  35  3:31  SCV  
  35  3:34  Cyclone  
  39  3:35  Supply Depot  
  39  3:38  Cyclone  
  39  3:39  Starport Tech Lab  
  41  3:42  SCV  
  41  3:43  SCV  
  43  3:51  Supply Depot  
  43  3:54  SCV  
  43  3:55  SCV  
  45  3:59  Raven  
  47  4:06  Cyclone, SCV  
  47  4:07  SCV  
  50  4:10  Cyclone  
  52  4:18  SCV  
  52  4:19  SCV  
  54  4:24  Command Center  
  54  4:30  SCV, Supply Depot  
  55  4:31  SCV  
  55  4:34  Raven  
  55  4:35  Interference Matrix  
  58  4:43  Cyclone, SCV x2  
  62  4:50  Barracks Tech Lab  
  62  4:51  Cyclone  
  64  4:52  Supply Depot  
  64  4:55  SCV  
  64  4:56  SCV  
  66  5:01  Supply Depot  
  66  5:07  SCV  
  66  5:08  SCV  
  66  5:09  Stimpack, Marine  
  69  5:14  Raven  
  69  5:15  Supply Depot  
  69  5:19  SCV  
  69  5:20  SCV  
  73  5:26  Marine  
  73  5:27  Barracks  
  74  5:30  Barracks  
  74  5:31  Factory Reactor, SCV  
  74  5:32  SCV  
  74  5:37  Engineering Bay  
  74  5:39  Engineering Bay  
  75  5:42  Orbital Command  
  75  5:43  SCV  
  75  5:44  Marine  
  74  5:57  Barracks  
  74  5:59  SCV x2  
  74  6:00  Barracks  
  74  6:02  Starport Reactor, Marine  
  77  6:04  Refinery  
  77  6:05  Orbital Command  
  77  6:08  Terran Infantry Weapons Level 1, Terran Infantry Armor Level 1  
  77  6:18  SCV x2  
  79  6:20  Marine  
  79  6:21  Siege Tank  
  79  6:22  Marine x4  
  87  6:26  Supply Depot  
  87  6:27  Supply Depot  
  87  6:30  SCV x2  
  89  6:34  SCV  
  89  6:35  Supply Depot  
  90  6:43  Marine x2  
  90  6:44  Marine x2  
  94  6:47  Refinery x2  
  94  6:48  Barracks Reactor x2  
  94  6:49  Combat Shield, SCV x3  
  94  6:52  Supply Depot  
  94  6:55  Siege Tank  
  97  7:02  Marine x3  
  97  7:03  Marine  
  97  7:04  Medivac x2  
  105  7:10  SCV x3  
  105  7:11  Supply Depot  
  105  7:14  Armory  
  108  7:23  SCV x3  
  108  7:25  Marine x8  
  119  7:30  Siege Tank  
  119  7:34  Medivac  
  119  7:36  Supply Depot  
  124  7:38  Medivac  
  126  7:47  Marine x6  
  126  7:48  Marine  
  126  7:50  Command Center  
  133  7:52  Sensor Tower  
  133  7:54  SCV x2  
  133  7:55  SCV  
  133  7:58  Supply Depot  
  136  8:03  Terran Infantry Weapons Level 2, Terran Infantry Armor Level 2  
  136  8:05  Marine  
  137  8:07  Missile Turret, Marine x2  
  139  8:16  Terran Vehicle Weapons Level 1  
  139  8:22  Marine x5  
  139  8:26  SCV  
  145  8:28  Factory, SCV  
  145  8:29  Barracks x2  
  146  8:34  Siege Tank  
  146  8:35  Barracks  
  146  8:37  Barracks Reactor  
  146  8:38  Medivac x2  
  153  8:46  Marine x5  
  153  8:47  Marine x2  
  160  8:50  SCV x2  
  162  8:56  Missile Turret  
  162  8:57  Marine  
  157  9:04  Marine x5  
  157  9:05  Marine x2  
  157  9:07  Planetary Fortress  
  164  9:10  Siege Tank  
  164  9:12  Missile Turret  
  164  9:13  Marine x2  
  164  9:15  Marine  
  169  9:21  Marine x2  
  169  9:22  Marine x3  
  175  9:26  Siege Tank  
  175  9:28  Barracks Reactor  
  175  9:29  Barracks Reactor x2  
  176  9:32  Supply Depot x2  
  176  9:37  Medivac  
  176  9:38  Medivac  
  180  9:40  Marine  
  180  9:51  Marine x2  
  180  9:53  Siege Tank, SCV x4, Marine x4  
  191  10:06  Command Center  
  191  10:08  Command Center  
  191  10:16  Siege Tank  
  194  10:26  Siege Tank  
  196  10:32  Starport x2  
  196  10:34  Starport  
  194  10:38  Marine x2  
  196  10:43  Orbital Command, Marine  
  196  10:44  Marine x6  
  196  10:46  Marine x6  
  196  10:47  Marine  
  195  10:56  Marine  
  188  11:04  Marine x5  
  188  11:05  Marine x4  
  188  11:06  Siege Tank  
  188  11:07  Siege Tank  
  188  11:10  Marine x2  
  183  11:13  Marine x2  
  183  11:14  Marine x3  
  179  11:21  Marine  
  179  11:24  Marine x4  
  179  11:25  Marine x4  
  178  11:31  Marine x2  
  178  11:32  Marine x2  
  183  11:35  Marine x3  
  183  11:38  Siege Tank  
  183  11:39  Siege Tank, Marine  
  191  11:43  Marine x2  
  191  11:44  Marine  
  191  11:46  Viking x2  
  197  11:48  Marine x2  
  199  11:54  Marine  
  199  12:01  Marine x3  
  198  12:06  Missile Turret  
Show
View Real Time Build Order
Export as new Build Order

Vindicta Terran 

Build Orders: Cyclone Opening 

Get SALT Encoding   

  12  0:00  SCV  
  13  0:12  SCV  
  14  0:16  Supply Depot  
  14  0:24  SCV  
  15  0:38  SCV  
  15  0:39  Barracks  
  15  0:42  Refinery  
  16  0:50  SCV  
  16  0:52  Refinery  
  17  1:02  SCV  
  18  1:14  SCV  
  19  1:26  Orbital Command, Reaper  
  19  1:32  Supply Depot  
  20  1:41  Factory  
  20  1:52  SCV  
  21  1:58  Reaper  
  22  2:04  SCV  
  23  2:16  SCV  
  24  2:25  Command Center  
  24  2:30  SCV  
  24  2:31  Reaper  
  24  2:34  Cyclone  
  28  2:40  Supply Depot  
  28  2:43  SCV  
  29  2:51  Starport  
  29  2:55  SCV  
  30  3:04  Barracks Reactor  
  30  3:06  Cyclone  
  30  3:11  SCV  
  33  3:12  Refinery  
  33  3:23  SCV  
  34  3:28  Starport Tech Lab  
  34  3:35  SCV  
  34  3:37  Orbital Command  
  34  3:39  Factory Tech Lab  
  34  3:40  Marine  
  34  3:41  Marine  
  37  3:46  Raven, Interference Matrix  
  37  3:47  SCV  
  40  3:58  Supply Depot, Marine x2  
  40  3:59  SCV  
  43  4:03  Siege Tank  
  43  4:06  SCV  
  47  4:13  SCV  
  47  4:16  Marine x2  
  49  4:18  SCV  
  49  4:22  Raven  
  51  4:25  SCV  
  51  4:30  SCV  
  53  4:32  Supply Depot  
  53  4:34  Marine x2  
  53  4:36  Siege Tank  
  53  4:37  SCV  
  59  4:43  SCV  
  60  4:49  SCV  
  60  4:52  Marine  
  62  4:54  Marine  
  62  4:55  SCV  
  62  4:56  Raven  
  62  4:59  Supply Depot  
  66  5:01  SCV  
  68  5:07  SCV  
  68  5:10  Command Center  
  70  5:15  SCV  
  70  5:18  Supply Depot  
  70  5:21  Siege Tank  
  70  5:33  SCV  
  70  5:34  SCV  
  73  5:42  Refinery  
  72  5:43  Barracks x2, Supply Depot  
  72  5:46  Starport Reactor, SCV  
  72  5:48  SCV  
  74  5:50  Stimpack  
  74  5:53  Siege Tank, Engineering Bay  
  77  5:57  Engineering Bay  
  77  5:58  SCV  
  78  6:04  Marine  
  78  6:10  SCV x2  
  80  6:12  Barracks x2  
  80  6:20  Terran Infantry Weapons Level 1  
  80  6:22  Orbital Command, SCV, Marine  
  80  6:24  Terran Infantry Armor Level 1  
  82  6:26  SCV  
  82  6:30  Marine  
  84  6:35  Siege Tank, Starport Reactor  
  86  6:40  Marine  
  86  6:41  SCV  
  86  6:44  Marine x2  
  91  6:47  SCV  
  91  6:49  Marine x2  
  91  6:51  SCV  
  91  6:53  SCV  
  92  6:59  SCV  
  92  7:02  Marine x2  
  92  7:03  SCV  
  92  7:05  SCV  
  92  7:07  Marine x2  
  98  7:09  Sensor Tower, Marine  
  98  7:10  Sensor Tower  
  98  7:11  Barracks Reactor x2  
  98  7:13  SCV  
  98  7:15  SCV  
  98  7:17  Armory  
  98  7:20  Marine  
  98  7:22  Refinery  
  99  7:23  Refinery  
  99  7:25  Siege Tank, Marine  
  99  7:27  SCV  
  99  7:29  Combat Shield  
  103  7:30  SCV  
  103  7:31  Supply Depot  
  103  7:32  Supply Depot  
  103  7:34  Medivac  
  106  7:40  Medivac  
  106  7:42  SCV x2  
  109  7:52  Marine x4  
  109  7:53  SCV, Marine x3  
  109  7:54  Supply Depot  
  109  7:55  SCV, Supply Depot  
  109  7:56  SCV  
  109  7:57  Missile Turret  
  119  8:00  Siege Tank  
  119  8:05  SCV  
  125  8:08  Supply Depot  
  125  8:12  Missile Turret, Medivac  
  125  8:16  Medivac, Marine x2  
  125  8:17  Supply Depot  
  128  8:20  Marine x2  
  128  8:22  Missile Turret x2  
  128  8:24  Terran Infantry Weapons Level 2  
  128  8:25  Terran Infantry Armor Level 2  
  130  8:28  Marine x3  
  133  8:36  Terran Vehicle Weapons Level 1  
  133  8:39  Siege Tank, Marine  
  138  8:43  Missile Turret  
  136  8:52  Command Center, Marine x2  
  136  8:54  Factory  
  138  8:57  SCV  
  138  8:59  Barracks Reactor  
  138  9:00  Marine x2  
  141  9:03  Marine x2  
  141  9:04  Marine x2  
  145  9:10  Marine x2  
  147  9:17  Siege Tank, Marine x2  
  147  9:18  Liberator  
  147  9:20  Marine  
  147  9:21  Marine  
  147  9:22  Marine  
  147  9:23  Marine  
  157  9:28  Marine  
  157  9:29  Marine  
  158  9:32  Missile Turret x2  
  158  9:33  Medivac  
  158  9:35  Marine  
  161  9:43  Siege Tank  
  161  9:45  Missile Turret  
  164  9:47  Supply Depot x2  
  164  9:53  Marine  
  164  9:58  Supply Depot  
  165  10:00  Supply Depot  
  165  10:03  Marine x6  
  165  10:04  Medivac  
  173  10:08  SCV x2  
  173  10:10  Marine  
  173  10:11  Marine  
  178  10:15  Siege Tank  
  178  10:19  Sensor Tower, SCV  
  178  10:21  Barracks x2  
  180  10:25  Marine x2  
  182  10:33  Marine  
  182  10:35  Marine x2  
  179  10:39  Marine  
  179  10:42  Marine x2  
  172  10:53  Command Center  
  161  10:58  Marine x2  
  161  10:59  Marine  
  161  11:00  Marine x2  
  165  11:08  Marine x2  
  165  11:09  Siege Tank  
  165  11:11  Marine  
  165  11:13  Marine  
  165  11:14  SCV  
  163  11:19  Marine x2  
  163  11:20  Marine x2  
  160  11:25  Marine x2  
  160  11:31  Marine x2  
  160  11:32  Marine  
  159  11:35  Marine  
  159  11:36  Medivac  
  159  11:38  Medivac  
  165  11:40  Marine  
  165  11:43  Marine x2  
  165  11:47  Marine x2  
  168  11:49  Marine  
  168  11:52  Siege Tank  
  169  11:54  Siege Tank  
  169  11:57  Marine  
  171  12:03  Marine x2  
  171  12:06  Marine  
Tags
 
Add a new tag
Caveats
  • Supply blocks, unpowered buildings, or Contaminate may cause inaccurate times.
  • Supply counts are checked every 10 seconds.